 Dungeon Crawl Stone Soup version 0.28.0 (webtiles) character file.

Game seed: 18181891904098078965

1 SnakkuSnakku7 the Sneak (level 1, 0/20 HPs)
             Began as a Hill Orc Delver on Feb 6, 2022.
             Slain by an iguana (8 damage)
             ... on level 6 of the Dungeon.
             The game lasted 00:01:29 (356 turns).

SnakkuSnakku7 the Sneak (Hill Orc Delver)            Turns: 356, Time: 00:01:29

Health: 0/20       AC:  3    Str: 14    XL:     1   Next: 20%
Magic:  1/1        EV: 11    Int: 10    God:
Gold:   34         SH:  0    Dex: 12    Spells: 0/0 levels left

rFire   . . .      SeeInvis .   a - +0 hand axe
rCold   . . .      Faith    .   (no shield)
rNeg    . . .      Spirit   .   b - +0 leather armour
rPois   .          Reflect  .   (no helmet)
rElec   .          Harm     .   (no cloak)
rCorr   .          Rampage  .   (no gloves)
Will    .....                   (no boots)
Stlth   ++........              (no amulet)
HPRegen 0.06/turn               (no ring)
MPRegen 0.07/turn               (no ring)

@: no status effects
A: no striking features
a: no special abilities


You were on level 6 of the Dungeon.
You visited 1 branch of the dungeon, and saw 3 of its levels.

You collected 34 gold pieces.

Inventory:

Hand Weapons
 a - a +0 hand axe (weapon)
Armour
 b - a +0 leather armour (worn)
Wands
 g - a wand of digging (3)
Scrolls
 c - 2 scrolls of fog
 d - a scroll of magic mapping
 e - a scroll of identify {unknown}
Potions
 f - a potion of haste
 h - a potion of flight {unknown}


   Skills:
 + Level 3.7 Fighting
 + Level 2.8 Axes
 - Level 1.5 Dodging
 - Level 4.1 Stealth


You couldn't memorise any spells.
You didn't know any spells.
Your spell library was empty.

Dungeon Overview and Level Annotations

Branches:
Dungeon (6/15)
 Temple: D:4-7

Altars:

Shops:
D:5 !


Message History

There is a stone staircase leading down here.
e - a scroll labelled PAMAUKHUQYCK
Found a hand axe.
Found a stone staircase leading down.
There is a stone staircase leading down here.
An endoplasm comes into view.
The endoplasm quivers.
You hit the endoplasm.
The endoplasm is severely wounded.
The endoplasm closely misses you. The endoplasm freezes you.
You are frozen.
You hit the endoplasm.
The endoplasm is almost dead.
The endoplasm misses you.
You hit the endoplasm.
You kill the endoplasm!
You start resting.
HP restored.
Found 11 gold pieces.
Found 27 arrows.
Found a stone staircase leading up.
You now have 34 gold pieces (gained 11).
A sourceless malevolence fills the Dungeon...
You fall into a shaft and drop 2 floors!
The shaft crumbles and collapses.
Found a bubbling clear potion.
An adder comes into view.
You see here 5 boomerangs.
There is a stone staircase leading up here.
An orc comes into view. It is wielding a +0 mace.
The helpless orc fails to defend itself.
You hit the orc.
The orc is lightly wounded.
You hit the iguana but do no damage. The iguana bites you!
Ouch! That really hurt!
The orc hits you with a +0 mace.
You hit the orc.
You kill the orc!
You closely miss the iguana. The iguana bites you!
You die...

..# #...# #.# ....# ..
###.###.##......... .#
#................
.########.##...#.........
.......................#
#########.##...###....#
.# #.###.## #.!..# .# #.#
#.####.#.##### (# #.#
#..)@l........
.########.# ######...####
..........########...#
.#######...<.........#
..........#########..#
.........## ..#
.#######.# ..# .# #.# ..#
## #.# ..#


You could see an iguana.

Vanquished Creatures
  An orc (D:6)
  An endoplasm (D:4)
2 creatures vanquished.

Notes
Turn   | Place    | Note
-------+----------+-------------------------------------------
     0 | D:5      | SnakkuSnakku7 the Hill Orc Delver began the quest for the
                  | Orb.
     0 | D:5      | Reached XP level 1. HP: 19/19 MP: 1/1
    30 | D:6      | Noticed a scorpion
   127 | D:6      | Noticed an iguana
   172 | D:6      | Noticed a scorpion
   199 | D:5      | Noticed an ogre
   301 | D:4      | You fall into a shaft and drop 2 floors!
   356 | D:6      | Slain by an iguana

Illustrated notes

Levels and vault maps discovered:
D:4:      layout_loops_ring
D:5:      layout_rooms, st_stairs_11, nicolae_take_the_stairs
D:6:      layout_loops_ring, chequers_temple_overflow_minitemple,
          minmay_temple_entry_mini_moons

Action                   || total
-------------------------++-------
Melee: Hand axe          ||     5
  Use: Scroll            ||     1
 Stab: Sleeping          ||     1
Dodge: Dodged            ||     2
